 Dungeon Crawl Stone Soup version 0.31-a0-986-g5e6e4ef867 (webtiles) character file.

Game seed: 9643743166686989032

350 Gelion the Ruffian (level 6, -1/42 HPs)
             Began as an Octopode Shapeshifter on Nov 24, 2023.
             Hit by a boomerang thrown by an orc (5 damage)
             ... on level 4 of the Dungeon.
             The game lasted 00:06:11 (4095 turns).

Gelion the Ruffian (Octopode Shapeshifter)          Turns: 4095, Time: 00:06:11

Health: -1/42      AC:  1    Str: 14    XL:     6   Next: 61%
Magic:  6/6        EV: 13    Int: 12    God:
Gold:   186        SH:  0    Dex: 13    Spells: 5/5 levels left

rFire   . .          .
                       - Unarmed
rCold   . . .        (no shield)
rNeg    . . .        (helmet currently unavailable)
rPois   .            (no amulet)
rElec   .            (no ring)
rCorr   .            (no ring)
SInv    .            (no ring)
Will    .....        (no ring)
Stlth   ++           (no ring)
HPRegen 0.27/turn    (no ring)
MPRegen 0.10/turn    (no ring)
                     (no ring)

%: no passive effects
@: beast-form
A: beast (slay +2), almost no armour, amphibious, 8 rings, camouflage 1,
gelatinous body 1, (nimble swimmer 1), tentacles
a: Begin Untransformation


You were on level 4 of the Dungeon.
You were a hulking beast.
You visited 1 branch of the dungeon, and saw 4 of its levels.
You also visited: Sewer.

You collected 186 gold pieces.

Inventory:

Missiles
 v - a throwing net
Jewellery
 p - a +4 ring of slaying
Talismans
 b - a beast talisman
 c - a flux talisman
Scrolls
 d - 4 scrolls of identify
 g - 2 scrolls of enchant armour
 k - a scroll of fear
 l - a scroll of teleportation
 m - a scroll of poison
 n - a scroll of amnesia {unknown}
Potions
 a - a potion of lignification
 e - 5 potions of curing
 f - 3 potions of haste {unknown}
 h - a potion of attraction {unknown}
 i - 3 potions of might
 j - a potion of degeneration {unknown}
 o - a potion of ambrosia
 s - 2 potions of berserk rage
 u - 2 potions of enlightenment


   Skills:
 + Level 3.1 Fighting
 - Level 2.0 Dodging
 * Level 5.5 Unarmed Combat
 + Level 4.2 Shapeshifting


You had 5 spell levels left.
You didn't know any spells.
Your spell library contained the following spells:

 Spells                   Type           Power      Damage    Failure   Level
 Apportation              Tloc           0%         N/A       32%         1
 Necrotise                Necr           0%         1d4       32%         1
 Summon Small Mammal      Summ           0%         N/A       32%         1


Dungeon Overview and Level Annotations

Branches:
Dungeon (4/15)              Sewer (visited)
 Temple: D:4-7

Altars:
Hepliaklqana

Shops:
D:3 [

Annotations:
D:3 3 runed translucent doors, obanaku's ghost, amateur AtHu


Innate Abilities, Weirdness & Mutations

You are a hulking beast.
Your limbs bulge with bestial killing power. (Slay +2)
You cannot wear most types of armour.
You are amphibious.
You can wear up to eight rings at the same time.
Your skin changes colour to match your surroundings (Stealth+).
Your rubbery body absorbs attacks. (AC +1, EV +1)
((You are camouflaged when in or above water. (Stealth+)))
You have tentacles for arms and can constrict up to eight enemies at once.


Message History

The adder closely misses you. The adder misses you.
You tentacle-slap the adder but do no damage.
You grab the adder.
The adder is lightly wounded.
You constrict the adder.
You feel sick. The adder bites you.
You tentacle-slap the adder.
The adder is severely wounded.
You constrict the adder. The adder bites you.
You are more poisoned.
The adder poisons you!
You barely miss the adder. You squeeze the adder.
The adder is almost dead.
You constrict the adder.
You kill the adder!
You feel sick.
You feel sick.
You feel sick.
You feel sick.
You feel sick.
The hobgoblin attacks as it pursues you!
The hobgoblin closely misses you.
You tentacle-slap the hobgoblin. You grab the hobgoblin.
The hobgoblin is almost dead.
You constrict the hobgoblin.
You kill the hobgoblin!
You feel sick.
You feel sick.
You are no longer poisoned.
Something hits you.
* * * LOW HITPOINT WARNING * * *
You see here a hobgoblin corpse.
You bludgeon something!
You hear some strange, mumbled words.
A magic dart appears from out of thin air!
The magic dart hits you!
* * * LOW HITPOINT WARNING * * *
You miss something. Your squeeze misses something. Something hits you.
* * * LOW HITPOINT WARNING * * *
The orc throws a boomerang.
The boomerang hits you.
You die...

## # #...>..#......
# ###.#....[..#.#.#
# #.........#.#.# #
#...###.###.# #
##..# #.# .# .
#.###..###.###.# .
#..............
#####..###.######
#.o{h........
#.o#######.##
#..#######.###### #
#.#†#.#.#.#.#.#.#.#
#..{o.............
#.#.#.#.#$#.#.#.#
#.............[..
#####.#
#.#.#.#.#.#.#.#.#.#
......#
#..................


You could see 2 orcs.

Vanquished Creatures
  A scorpion (D:4)
  Terence (D:2)
  An iguana (D:4)
  3 gnolls (D:3)
  5 river rats (Sewer)
  9 adders
  2 worms (D:2)
  2 dart slugs (D:2)
  An orc (D:4)
  6 ball pythons
  6 bats
  4 endoplasms
  6 giant cockroaches
  4 goblins
  4 hobgoblins
  4 jackals (D:3)
  3 quokkas (D:1)
  9 frilled lizards
  5 kobolds (D:1)
  14 rats
90 creatures vanquished.

Notes
Turn   | Place    | Note
-------+----------+-------------------------------------------
     0 | D:1      | Gelion the Octopode Shapeshifter began the quest for the
                  | Orb.
     0 | D:1      | Reached XP level 1. HP: 13/13 MP: 1/1
   187 | D:1      | Reached XP level 2. HP: 9/18 MP: 2/2
   259 | D:1      | Found a faded altar of an unknown god.
   821 | D:1      | Reached XP level 3. HP: 20/23 MP: 3/3
  1338 | D:2      | Reached skill level 4 in Unarmed Combat
  1338 | D:2      | Reached XP level 4. HP: 29/29 MP: 4/4
  1349 | D:2      | Noticed Terence
  1361 | D:2      | Killed Terence
  2262 | D:3      | Found a runed translucent gate.
  2262 | D:3      | Noticed obanaku's ghost (amateur AtHu)
  2263 | D:3      | Found a runed translucent gate.
  2264 | D:3      | Found a runed translucent gate.
  2299 | D:3      | Reached XP level 5. HP: 30/34 MP: 5/5
  2839 | D:3      | Found Pyn Rily's Armour Emporium.
  3213 | D:4      | Found a glowing drain.
  3227 | Sewer    | Entered a sewer
  3360 | Sewer    | Reached skill level 5 in Unarmed Combat
  3494 | Sewer    | Reached XP level 6. HP: 32/41 MP: 6/6
  3881 | D:4      | Found a hazy altar of Hepliaklqana.
  3886 | D:4      | Identified the +0 scale mail of Asceticism {rF+ rC+ Str+3}
  4095 | D:4      | Hit by a boomerang thrown by an orc

Illustrated notes

Levels and vault maps discovered:
D:1:      moated_graveyard_arrival, layout_loops_corners,
          hellmonk_ecumenical_altar_arch_garden, grunt_decor_mini_mirrors
D:2:      layout_loops_corners, minivault_4, uniq_terence
D:3:      layout_basic, biasface_ghost_orc_armoury, serial_shops,
          nicolae_shop_real_fake_doors, roderic_serpentine_path,
          dk_noncrumbling_2, kennysheep_path_1, roderic_roman_lattice,
          glass_columns_b
D:4:      layout_loops_ring, lemuel_crystal_altar, elyvilon_altar_4,
          zin_scriptorium, portal_sewer_entry_a, minmay_misc_feat_doors,
          st_stairs_11

Skill      XL: |  1  2  3  4  5  6 |
---------------+-------------------+-----
Unarmed Combat | 4 5 |  5.5
Fighting       | 2 3 |  3.1
Shapeshifting  | 4 |  4.2
Dodging        | |  2.0

Action                     |  1- 3 |  4- 6 || total
---------------------------+-------+-------++-------
  Melee: Unarmed           |    65 |   127 ||   192
         Constrict         |    14 |    33 ||    47
         Tentacles         |    12 |    22 ||    34
         Punch             |     1 |     3 ||     4
    Use: Scroll            |       |    15 ||    15
   Stab: Sleeping          |     7 |    13 ||    20
         Distracted        |       |     1 ||     1
 Armour: Skin              |    27 |    66 ||    93
  Dodge: Dodged            |    46 |    81 ||   127

Table legend: (Time is in decaauts)
 A = Elapsed time spent in this place.
 B = Non-inter-level travel time spent in this place.
 C = Inter-level travel time spent in this place.
 D = Time resting spent in this place.
 E = Time spent auto-exploring this place.
 F = Levels seen in this place.
 G = Mean time per level.
                   A        B        C        D        E       F      G
               +--------+--------+--------+--------+--------+-----+--------+
         Total |   4079 |   3950 |    129 |     93 |   3156 |   5 |  815.8 |
       Dungeon |   3527 |   3398 |    129 |     30 |   2829 |   4 |  881.8 |
         Sewer |    551 |    551 |      0 |     63 |    327 |   1 |  551.0 |
               +--------+--------+--------+--------+--------+-----+--------+

Top non-repeatable levels by time:
     D:2: 1105 daAuts
     D:3: 1048 daAuts
     D:1: 1025 daAuts
   Sewer: 551 daAuts
     D:4: 348 daAuts
